cohdb
Replays
Latest Replays
All Replays
Popular Replays
Top Player Replays
Match Explorer
How It Works
Community
CoH3 Stats
Reddit
Sign in to upload your games and track your stats! →
Sign in with Steam
Match 20361949
Unlisted
Match 20361949
Overview
Messages
Build Orders
End
Construct Infanterie Kompanie
Kettenkrad Recon Vehicle
MG 42 Machine Gun Team
Selects Luftwaffe Battlegroup
Selects Luftwaffe Pioneer Support
Fallschirmpioneer Squad Paradrop
Fallschirmpioneer Squad Paradrop
Construct Panzergrenadier Kompanie
Selects Stuka Strafing Run
Panzergrenadier Squad
MG 42 Machine Gun Team
Pak 40 Anti-tank Gun Team
251 Medium Carrier
Stuka Strafing Run
Construct Panzer Kompanie
Panzer IV Medium Tank
Fallschirmpioneer Squad Paradrop
Lord Tupalem of Campers
AgenteCarmona
Darbesky
MonoChrome
0
0
Comments
sign in to comment!
No comments posted yet!